Unix NetHack Version 5.0.0-0 post-release - last build Jun 10 2026 00:39:30 (3ee93aec679c4c4259841fe613dc97188e26a321,branch:main).

Game began 2026-06-20 00:22:32, ended 2026-06-20 00:28:46.

Drastanta, chaotic male elven Priest

                     ---------------         -----------
                     |....|........|    #####.*........|
    ------------     |.k...........|   ##    |.........|
    |..........|     |.............|  ##     -)........|0############
    |...........#  ##-.............|###      |.........|#         --.-------
    |..........|#  # ----.--.-------B        --|--------#         |........|
    --------|---# %#     #  ##     @0       #############         |........|
        ###########      #   ##    d           #                  |........|
        #    # #         #    ######           #                  |........|
     ---.--            ###       ##            %                  |........|
     |....+         ####         ##            #                ##.........|
     |.{..|         #            -.---         #                # ----------
     |...`.#       ##            |...|        -.----------      #
     |....|#   ----.--------     |...|        |...........#######
     ------####|...........|     |..<|        |.......>..|
              #|....)......|     -----        |..........|
              #............|                  |..........|
               |...........|                  |..........|
               -------------                  ------------

Drastanta the Acolyte        St:13 Dx:14 Co:15 In:8 Wi:13 Ch:12  Chaotic
Dlvl:3  $:45 HP:0(21) Pw:39(39) AC:7  Xp:3 T:1194 

Latest messages:
 You hear some noises in the distance.
 With great effort you move the boulder.
 You try to move the boulder, but in vain.
 Elf needs food, badly!
 What do you want to eat? [eflp or ?*] ?
 This food really hits the spot!
 You stop eating the food ration.
 What do you want to eat? [eflpt or ?*] l
 This satiates your stomach!
 You stop eating the food ration.
 The bat bites!
 The bat bites!
 You miss the bat.
 The bat bites!
 The bat bites!
 You kill the bat!
 Welcome to experience level 3.
 You see here a bat corpse.
 You see here a stone called Likley Flint.
 You miss the giant rat.
 The giant rat bites!
 You hit the giant rat!
 The giant rat bites!
 You kill the giant rat!
 There is a doorway here.
 You see here a potion of water.
 u - a potion of water.
 A fox suddenly appears close by!
 The fox bites!
 You kill the fox!
 You see here a cursed circular amulet.
 v - a cursed circular amulet.
 The giant bat bites!
 The giant bat bites!
 The little dog bites the giant bat.
 The giant bat misses the little dog.
 You miss the giant bat.
 The giant bat misses!
 The little dog misses the giant bat.
 The giant bat bites!
 You miss the giant bat.
 You swap places with your little dog.
 The giant bat misses!
 You miss the giant bat.
 The giant bat bites!
 The giant bat bites!
 The giant bat bites!
 You die...
 Do you want your possessions identified? [ynq] (y) y
 Do you want to see your attributes? [ynq] (y) q

Inventory:
 Coins    ('$')
  $ - 45 gold pieces
 Amulets  ('"')
  v - a cursed amulet of strangulation
 Weapons  (')')
  k - 6 +0 silver arrows
  a - a blessed +1 mace (weapon in right hand)
 Armor    ('[')
  c - a +0 small shield (being worn)
  b - a +0 robe (being worn)
 Comestibles  ('%')
  p - a Can of White Monster
  e - a clove of garlic
  l - a partly eaten food ration
  t - a partly eaten food ration
  f - a sprig of wolfsbane
 Scrolls  ('?')
  n - a cursed scroll of light
  r - a scroll of stinking cloud
 Spellbooks  ('+')
  h - a spellbook of cure sickness
  g - a spellbook of healing
 Potions  ('!')
  m - a blessed potion of sickness
  d - 4 potions of holy water
  u - a potion of water
 Tools    ('(')
  j - a bell
  o - a blindfold
  i - a magic marker (0:19)
 Gems/Stones  ('*')
  s - 3 flint stones

Drastanta the Priest's attributes:

Background:
 You were an Acolyte, a level 3 elven Priest.
 You were chaotic, nominally on a mission for Mars
 who was opposed by Mercury (lawful) and Venus (neutral).
 You were right-handed.
 You were in the Dungeons of Doom, on level 3.
 You entered the dungeon 1194 turns ago.
 It was the midnight hour.
 You had 47 experience points, 33 more were needed to attain level 4.

Basics:
 You had 0 out of 21 hit points.
 You had all 39 energy points (spell power).
 Your armor class was 7.
 Your wallet contained 45 zorkmids.
 Autopickup was on for '$' plus thrown.

Final Characteristics:
 Your strength was 13 (limit:18).
 Your dexterity was 14 (limit:18).
 Your constitution was 15 (limit:16).
 Your intelligence was 8 (limit:20).
 Your wisdom was 13 (limit:20).
 Your charisma was 12 (limit:18).

Final Status:
 You weren't hungry.
 You were unencumbered.
 You were wielding a mace.
 You had basic skill with mace.

Final Attributes:
 You were devoutly aligned.
 You had infravision.
 You were guarded.
 Your spell casting was enhanced by wearing a robe.
 You are dead.

Miscellaneous:
 You didn't encounter any bones levels.
 Total elapsed playing time was 6 minutes and 13 seconds.

Major events:
 Turn
    1: Drastanta the chaotic elven Priest entered the dungeon
 1084: attained the rank of Acolyte (level 3)
 1194: killed by a giant bat

Spells:
 Name                 Level Category     Fail Retention
 healing                1   healing        0%  76%-100%
 cure sickness          3   healing       93%  76%-100%

Skills:
 Fighting Skills
   bare handed combat [Unskilled]
 Weapon Skills
   club               [Unskilled]
   mace               [Basic]
   morning star       [Unskilled]
   flail              [Unskilled]
   hammer             [Unskilled]
   quarterstaff       [Unskilled]
   polearms           [Unskilled]
   spear              [Unskilled]
   trident            [Unskilled]
   lance              [Unskilled]
   bow                [Unskilled]
   sling              [Unskilled]
   crossbow           [Unskilled]
   dart               [Unskilled]
   shuriken           [Unskilled]
   boomerang          [Unskilled]
   unicorn horn       [Unskilled]
 Spellcasting Skills
   healing spells     [Unskilled]
   divination spells  [Unskilled]
   clerical spells    [Basic]

Voluntary challenges:
 Character rerolling was not enabled.
 You were an atheist.
 You never genocided any monsters.
 You never polymorphed an object.
 You never changed form.
 You used no wishes.
Achievement:
 You attained the rank of Acolyte.

 The Dungeons of Doom: levels 1 to 3
    Level 1:
       A fountain.
    Level 2:
       A fountain.
    Level 3: <- You were here.
       A fountain, a grave.
       Final resting place for
          you, killed by a giant bat.


Vanquished creatures:
  a hobbit
  a giant rat
  3 jackals
  a fox
  a kobold
  a grid bug
  a bat
  6 lichens
  4 newts
19 creatures vanquished.

No species were genocided or became extinct.

Game over:
                       ----------
                      /          \
                     /    REST    \
                    /      IN      \
                   /     PEACE      \
                  /                  \
                  |    Drastanta     |
                  |      45 Au       |
                  |   killed by a    |
                  |    giant bat     |
                  |                  |
                  |                  |
                  |       2026       |
                 *|     *  *  *      | *
        _________)/\\_//(\/(/\)/\//\/|_)_______

Goodbye Drastanta the Priest...

You died in The Dungeons of Doom on dungeon level 3 with 339 points,
and 45 pieces of gold, after 1194 moves.
You were level 3 with a maximum of 21 hit points when you died.

